[Event "3rd FIDE WCCC Blitz U10 2019"]
[Site "Minsk"]
[Date "2019.08.18"]
[Round "1.1"]
[White "Usov, Aleksandr E."]
[Black "Kachalov, Vsevolod"]
[Result "1-0"]
[ECO "C55"]
[WhiteElo "1919"]
[BlackElo "1224"]
[Annotator "NA"]
[PlyCount "51"]
[EventDate "2019.08.18"]
[EventType "swiss"]
[EventCountry "BLR"]
[SourceTitle "playchess.com"]
[Source "ChessBase"]
[SourceQuality "1"]
[TimeControl "300+2"]

1. e4 e5 2. Nf3 Nc6 3. d4 exd4 4. Bc4 Nf6 5. e5 d5 6. Bb5 Ne4 7. Nxd4 Bd7 8. Bxc6 bxc6 9. O-O Bc5 10. f3 Ng5 11. Be3 O-O 12. f4 Ne4 13. Nd2 Be6 14. Nxe4 dxe4 15. Kh1 Qd7 16. Nxe6 Qxe6 17. Bxc5 Rad8 18. Qe2 f5 19. Bxf8 Rxf8 20. Rad1 Qxa2 21. b3 Qa5 22. Qc4+ Kh8 23. Qf7 Rg8 24. e6 g6 25. Rd7 Qc3 26. Qxh7# 1-0

[Event "3rd FIDE WCCC Blitz U10 2019"]
[Site "Minsk"]
[Date "2019.08.18"]
[Round "1.2"]
[White "Gizunov, Yaroslav"]
[Black "Samunenkov, Ihor"]
[Result "0-1"]
[ECO "B32"]
[WhiteElo "1108"]
[BlackElo "1964"]
[Annotator "NA"]
[PlyCount "55"]
[EventDate "2019.08.18"]
[EventType "swiss"]
[EventCountry "BLR"]
[SourceTitle "playchess.com"]
[Source "ChessBase"]
[SourceQuality "1"]
[TimeControl "300+2"]

1. e4 c5 2. Nf3 Nc6 3. d4 cxd4 4. Nxd4 g6 5. Be3 Bg7 6. Nc3 Nf6 7. f3 O-O 8. Qd2 d5 9. Nxc6 bxc6 10. O-O-O Qc7 11. exd5 cxd5 12. Nxd5 Nxd5 13. Qxd5 Bf5 14. Qc5 Qxc5 15. Bxc5 Rfc8 16. b4 a5 17. Bd3 axb4 18. Bxb4 Rxa2 19. c3 Bxd3 20. Rxd3 Ra1+ 21. Kc2 Rxh1 22. Kb3 e6 23. c4 Rb1+ 24. Ka4 Ra8+ 25. Kb5 Rb8+ 26. Kc5 R1xb4 27. g3 R4b7 28. f4 0-1

[Event "3rd FIDE WCCC Blitz U10 2019"]
[Site "Minsk"]
[Date "2019.08.18"]
[Round "1.3"]
[White "Vershinin, Igor"]
[Black "Sitnikov, Arseni"]
[Result "1-0"]
[ECO "A00"]
[WhiteElo "2188"]
[BlackElo "1184"]
[Annotator "ChessBase"]
[PlyCount "36"]
[EventDate "2019.08.18"]
[EventType "swiss"]
[EventCountry "BLR"]
[SourceTitle "playchess.com"]
[Source "ChessBase"]
[SourceQuality "1"]
[TimeControl "300+2"]

1. a3 e5 2. c4 Nf6 3. Nc3 c6 4. d4 exd4 5. Qxd4 d5 6. cxd5 cxd5 7. Bg5 Be6 8. Bxf6 gxf6 9. e3 Nc6 10. Qd2 a6 11. Nf3 Bc5 12. Be2 Rc8 13. O-O Rg8 14. g3 Be7 15. Rfd1 h5 16. h4 f5 17. Nxd5 Bxh4 18. Nf4 Bf6 1-0

[Event "3rd FIDE WCCC Blitz U10 2019"]
[Site "Minsk"]
[Date "2019.08.18"]
[Round "1.4"]
[White "Kovaler, Filipp"]
[Black "Koshulyan, Egor A."]
[Result "0-1"]
[ECO "B30"]
[WhiteElo "1266"]
[BlackElo "1872"]
[Annotator "NA"]
[PlyCount "62"]
[EventDate "2019.08.18"]
[EventType "swiss"]
[EventCountry "BLR"]
[SourceTitle "playchess.com"]
[Source "ChessBase"]
[SourceQuality "1"]
[TimeControl "300+2"]

1. e4 c5 2. Nf3 Nc6 3. d3 e6 4. Nbd2 g6 5. Be2 Bg7 6. O-O Nge7 7. c3 d5 8. Qc2 O-O 9. Re1 Rb8 10. Nf1 b5 11. a3 a5 12. Ng3 b4 13. cxb4 cxb4 14. Rb1 Ba6 15. Bd2 Qd7 16. Rec1 Rfc8 17. Qd1 Bb5 18. a4 Ba6 19. b3 Nd8 20. h3 Nb7 21. Qf1 Rxc1 22. Rxc1 Rc8 23. Rxc8+ Qxc8 24. Qc1 Qxc1+ 25. Bxc1 Nc5 26. Bd1 Bxd3 27. Be3 Nxe4 28. Nxe4 dxe4 29. Nd4 Be5 30. Ne2 Nd5 31. Bd4 Bxe2 0-1

[Event "3rd FIDE WCCC Blitz U10 2019"]
[Site "Minsk"]
[Date "2019.08.18"]
[Round "1.5"]
[White "Vetokhin, Savva"]
[Black "Plehanov, Daniil"]
[Result "1-0"]
[ECO "B18"]
[WhiteElo "2016"]
[BlackElo "1015"]
[Annotator "NA"]
[PlyCount "43"]
[EventDate "2019.08.18"]
[EventType "swiss"]
[EventCountry "BLR"]
[SourceTitle "playchess.com"]
[Source "ChessBase"]
[SourceQuality "1"]
[TimeControl "300+2"]

1. e4 c6 2. d4 d5 3. Nc3 dxe4 4. Nxe4 Bf5 5. Ng3 Bg6 6. Nf3 e6 7. h4 h6 8. h5 Bh7 9. Bd3 Bxd3 10. Qxd3 Bd6 11. Ne4 Bc7 12. Be3 Nf6 13. O-O-O O-O 14. Rdg1 Ng4 15. Rh4 Nxe3 16. Qxe3 Nd7 17. g4 Nf6 18. Nxf6+ Qxf6 19. g5 hxg5 20. Rxg5 Qh6 21. Rhg4 Kh8 22. Ne5 1-0

[Event "3rd FIDE WCCC Blitz U10 2019"]
[Site "Minsk"]
[Date "2019.08.18"]
[Round "2.1"]
[White "Bhagat Kush"]
[Black "Usov, Aleksandr E."]
[Result "0-1"]
[ECO "D00"]
[WhiteElo "1882"]
[BlackElo "1919"]
[Annotator "NA"]
[PlyCount "124"]
[EventDate "2019.08.18"]
[EventType "swiss"]
[EventCountry "BLR"]
[SourceTitle "playchess.com"]
[Source "ChessBase"]
[SourceQuality "1"]
[TimeControl "300+2"]

1. d4 d5 2. Bf4 Nf6 3. e3 c5 4. c3 Nc6 5. Nd2 Bf5 6. Qb3 Qd7 7. Bb5 e6 8. Ngf3 c4 9. Qa4 Bd6 10. Bxd6 Qxd6 11. Ne5 O-O 12. f4 Ne4 13. Ndf3 Nxe5 14. fxe5 Qc7 15. Qb4 a6 16. Ba4 b5 17. Bc2 a5 18. Qxb5 Rfb8 19. Qa4 Rxb2 20. Bxe4 Bxe4 21. O-O Qe7 22. Rf2 Qb7 23. Raf1 Bd3 24. Rxb2 Qxb2 25. Qc6 Rf8 26. Re1 Qxc3 27. Qa4 Bc2 28. Qb5 Be4 29. Re2 Qa1+ 30. Re1 Qxa2 31. Qc5 Bxf3 32. gxf3 Qd2 33. Kf1 Qxh2 34. Qxa5 Qg3 35. Ke2 Qg2+ 36. Kd1 Qxf3+ 37. Re2 Qf1+ 38. Re1 Qd3+ 39. Kc1 Rb8 40. Qa2 Qc3+ 41. Kd1 h6 42. Qc2 Qxc2+ 43. Kxc2 h5 44. Kc3 Rb3+ 45. Kc2 g6 46. Kd2 Kg7 47. Kc2 h4 48. Kd2 g5 49. Ke2 g4 50. Kf2 Rb2+ 51. Kg1 g3 52. e4 h3 53. exd5 exd5 54. e6 fxe6 55. Ra1 Kg6 56. Re1 Kf5 57. Rf1+ Kg4 58. Re1 h2+ 59. Kh1 Kh3 60. Rg1 g2+ 61. Rxg2 Rb1+ 62. Rg1 Rxg1# 0-1

[Event "3rd FIDE WCCC Blitz U10 2019"]
[Site "Minsk"]
[Date "2019.08.18"]
[Round "2.2"]
[White "Samunenkov, Ihor"]
[Black "Sepahpour, Shervine"]
[Result "1-0"]
[ECO "A45"]
[WhiteElo "1964"]
[BlackElo "1332"]
[Annotator "NA"]
[PlyCount "139"]
[EventDate "2019.08.18"]
[EventType "swiss"]
[EventCountry "BLR"]
[SourceTitle "playchess.com"]
[Source "ChessBase"]
[SourceQuality "1"]
[TimeControl "300+2"]

1. d4 Nf6 2. g3 g6 3. Bg2 Bg7 4. e4 d6 5. Nc3 O-O 6. Nge2 e5 7. h3 Nc6 8. Be3 Bd7 9. O-O Re8 10. Qd2 a6 11. a4 Rb8 12. g4 b5 13. axb5 axb5 14. d5 Ne7 15. Ng3 c6 16. g5 Nh5 17. Nxh5 gxh5 18. dxc6 Bxc6 19. Rad1 Ng6 20. Qxd6 Bb7 21. Qxd8 Rbxd8 22. Nxb5 Ba6 23. c4 Bxb5 24. cxb5 Rb8 25. b6 Nf4 26. Bf3 Nxh3+ 27. Kh2 Nf4 28. Rd7 Ng6 29. Bxh5 Re7 30. Rxe7 Nxe7 31. Rc1 f5 32. gxf6 Bxf6 33. Rc7 Nc8 34. b7 Nd6 35. Rc6 Be7 36. Bc5 Bg5 37. Bxd6 Bf4+ 38. Kg2 Rxb7 39. Rc8+ Kg7 40. Rc7+ Rxc7 41. Bxc7 Kf6 42. Bg4 Kg5 43. f3 Bd2 44. Bxe5 h5 45. Bh3 Bb4 46. f4+ Kg6 47. f5+ Kf7 48. Kf3 h4 49. Bd4 Ke7 50. e5 Kf7 51. e6+ Ke7 52. f6+ Kf8 53. e7+ Ke8 54. Be6 h3 55. Bxh3 Bxe7 56. fxe7 Kxe7 57. Be5 Kd8 58. b4 Ke7 59. b5 Kd8 60. b6 Ke7 61. b7 Kf7 62. b8=Q Kg6 63. Qg8+ Kh5 64. Qg4+ Kh6 65. Bf4+ Kh7 66. Qh5+ Kg7 67. Be5+ Kf8 68. Bf6 Kg8 69. Be6+ Kf8 70. Qh8# 1-0

[Event "3rd FIDE WCCC Blitz U10 2019"]
[Site "Minsk"]
[Date "2019.08.18"]
[Round "2.3"]
[White "Khadiev, Timur"]
[Black "Vershinin, Igor"]
[Result "0-1"]
[ECO "B34"]
[WhiteElo "1132"]
[BlackElo "2188"]
[Annotator "NA"]
[PlyCount "90"]
[EventDate "2019.08.18"]
[EventType "swiss"]
[EventCountry "BLR"]
[SourceTitle "playchess.com"]
[Source "ChessBase"]
[SourceQuality "1"]
[TimeControl "300+2"]

1. e4 c5 2. Nf3 Nc6 3. d4 cxd4 4. Nxd4 Nf6 5. Nc3 e5 6. Ndb5 d6 7. Be3 a6 8. Na3 b5 9. Nd5 Nxd5 10. Qxd5 Bb7 11. Qd2 Be7 12. Be2 O-O 13. O-O Bf6 14. c3 Ne7 15. Bf3 Qc7 16. Rad1 Rfd8 17. Nc2 d5 18. exd5 Bxd5 19. Bxd5 Nxd5 20. Qe2 Rd7 21. Rd2 Rad8 22. Rfd1 g6 23. Qf3 Nxe3 24. Qxe3 Bg7 25. Nb4 Qb7 26. Nd3 f5 27. Nc5 Rxd2 28. Rxd2 Qb6 29. Rxd8+ Qxd8 30. Qd3 Qxd3 31. Nxd3 Kf7 32. Kf1 Ke7 33. Ke2 Kd6 34. Kd2 Bh6+ 35. Kc2 e4 36. Nb4 a5 37. Na6 f4 38. b4 axb4 39. cxb4 Kd5 40. Kc3 Bg7+ 41. Kc2 Kc4 42. a3 Bd4 43. f3 e3 44. Nc7 Bc3 45. Nd5 e2 0-1

[Event "3rd FIDE WCCC Blitz U10 2019"]
[Site "Minsk"]
[Date "2019.08.18"]
[Round "2.4"]
[White "Koshulyan, Egor A."]
[Black "Kasaev, Oleg"]
[Result "1-0"]
[ECO "C64"]
[WhiteElo "1872"]
[BlackElo "1396"]
[Annotator "NA"]
[PlyCount "31"]
[EventDate "2019.08.18"]
[EventType "swiss"]
[EventCountry "BLR"]
[SourceTitle "playchess.com"]
[Source "ChessBase"]
[SourceQuality "1"]
[TimeControl "300+2"]

1. e4 e5 2. Nf3 Nc6 3. Bb5 Bc5 4. O-O d6 5. c3 Nf6 6. d4 exd4 7. cxd4 Bb6 8. d5 Bd7 9. dxc6 bxc6 10. Ba4 d5 11. exd5 Nxd5 12. Re1+ Ne7 13. Qe2 Bc5 14. Qe5 Bxf2+ 15. Kxf2 f6 16. Qe2 1-0

[Event "3rd FIDE WCCC Blitz U10 2019"]
[Site "Minsk"]
[Date "2019.08.18"]
[Round "2.5"]
[White "Patapovich, Mitrafan"]
[Black "Vetokhin, Savva"]
[Result "1/2-1/2"]
[ECO "B56"]
[WhiteElo "1282"]
[BlackElo "2016"]
[Annotator "NA"]
[PlyCount "127"]
[EventDate "2019.08.18"]
[EventType "swiss"]
[EventCountry "BLR"]
[SourceTitle "playchess.com"]
[Source "ChessBase"]
[SourceQuality "1"]
[TimeControl "300+2"]

1. e4 c5 2. Nf3 Nc6 3. d4 cxd4 4. Nxd4 Nf6 5. Nc3 d6 6. Be3 Ng4 7. Bd3 Nxe3 8. fxe3 g6 9. O-O Bg7 10. Nxc6 bxc6 11. Bc4 O-O 12. Qf3 e6 13. Rad1 Bxc3 14. bxc3 Qe7 15. Qg3 d5 16. exd5 cxd5 17. Bd3 Bb7 18. c4 dxc4 19. Bxc4 Qc5 20. Bb3 Rad8 21. Qf4 Qe7 22. Kh1 Ba6 23. Rfe1 Rxd1 24. Rxd1 Rd8 25. Rxd8+ Qxd8 26. Qd4 Qa5 27. h3 Bb7 28. Qf4 Qe1+ 29. Kh2 Qc3 30. Qb8+ Qc8 31. Qxa7 Qc7+ 32. Kg1 Qc6 33. Qb8+ Kg7 34. Qe5+ f6 35. Qg3 e5 36. a4 h5 37. Qf2 g5 38. Qd2 Kh6 39. Kh2 f5 40. Kg1 h4 41. Qf2 Kg6 42. Qd2 Kh5 43. Qf2 Qe4 44. Qd2 g4 45. Bf7+ Kh6 46. Qd6+ Kg7 47. Qg6+ Kf8 48. Qg8+ Ke7 49. Qe8+ Kd6 50. Qe6+ Kc5 51. Qe7+ Kb6 52. Qd6+ Bc6 53. Qd8+ Ka6 54. Qd3+ Qxd3 55. cxd3 gxh3 56. gxh3 Ka5 57. Kf2 Kb4 58. Be6 f4 59. exf4 exf4 60. Bf5 Kc3 61. Be4 Bxa4 62. Kf3 Bd7 63. Kxf4 Bxh3 64. Kg5 1/2-1/2

[Event "3rd FIDE WCCC Blitz U10 2019"]
[Site "Minsk"]
[Date "2019.08.18"]
[Round "2.6"]
[White "Zimin, Artur"]
[Black "Korovko, Iakov"]
[Result "1/2-1/2"]
[ECO "D01"]
[WhiteElo "1672"]
[BlackElo "1373"]
[Annotator "NA"]
[PlyCount "119"]
[EventDate "2019.08.18"]
[EventType "swiss"]
[EventCountry "BLR"]
[SourceTitle "playchess.com"]
[Source "ChessBase"]
[SourceQuality "1"]
[TimeControl "300+2"]

1. d4 Nf6 2. Nc3 d5 3. Bg5 Nbd7 4. f3 h6 5. Bxf6 Nxf6 6. e4 e6 7. e5 Nd7 8. f4 c5 9. Nf3 cxd4 10. Nxd4 Bc5 11. Nb3 O-O 12. a3 Qb6 13. Qf3 f6 14. exf6 Rxf6 15. Nxc5 Nxc5 16. O-O-O Bd7 17. Qg3 Na4 18. Nxa4 Bxa4 19. Bd3 Rc8 20. Kb1 Bb5 21. Rhf1 Bxd3 22. Qxd3 Qc5 23. c3 Qc4 24. Qxc4 Rxc4 25. g3 Kf7 26. Rfe1 Rc5 27. Rd3 Kf8 28. Rde3 Rc6 29. Ka2 Ke7 30. Re5 Kd7 31. Kb1 Rc4 32. Kc2 a5 33. b3 Rc6 34. Kd3 Kd6 35. R5e2 b5 36. a4 bxa4 37. bxa4 Rb6 38. Rc2 Kc5 39. Rec1 Rf8 40. c4 Rb3+ 41. Rc3 Rfb8 42. cxd5+ Kxd5 43. R1c2 Rxc3+ 44. Rxc3 Rb4 45. Rc7 Rxa4 46. Rd7+ Kc5 47. Rxg7 Ra2 48. Rc7+ Kb6 49. Re7 Rxh2 50. Rxe6+ Kc5 51. Re5+ Kb4 52. Re4+ Kb3 53. Re6 a4 54. Rb6+ Ka2 55. Rb4 a3 56. f5 Rb2 57. Ra4 Rb3+ 58. Ke4 Kb2 59. f6 a2 60. Kf5 1/2-1/2

[Event "3rd FIDE WCCC Blitz U10 2019"]
[Site "Minsk"]
[Date "2019.08.18"]
[Round "3.1"]
[White "Usov, Aleksandr E."]
[Black "Slepchuk, Danylo"]
[Result "*"]
[ECO "B22"]
[WhiteElo "1919"]
[BlackElo "1501"]
[Annotator "NA"]
[PlyCount "35"]
[EventDate "2019.08.18"]
[EventType "swiss"]
[EventCountry "BLR"]
[SourceTitle "playchess.com"]
[Source "ChessBase"]
[SourceQuality "1"]
[TimeControl "300+2"]

1. e4 c5 2. c3 e6 3. d4 cxd4 4. cxd4 d5 5. exd5 exd5 6. Nc3 Nf6 7. Nf3 Be7 8. Bb5+ Bd7 9. Bxd7+ Nbxd7 10. O-O O-O 11. Ne5 Rc8 12. f4 Re8 13. Be3 Bb4 14. Qb3 Bxc3 15. bxc3 Qb6 16. Rab1 Red8 17. Nxd7 Nxd7 18. Qxd5 *

[Event "3rd FIDE WCCC Blitz U10 2019"]
[Site "Minsk"]
[Date "2019.08.18"]
[Round "3.2"]
[White "Pustovit, Maksym"]
[Black "Samunenkov, Ihor"]
[Result "*"]
[ECO "B03"]
[WhiteElo "1483"]
[BlackElo "1964"]
[Annotator "NA"]
[PlyCount "20"]
[EventDate "2019.08.18"]
[EventType "swiss"]
[EventCountry "BLR"]
[SourceTitle "playchess.com"]
[Source "ChessBase"]
[SourceQuality "1"]
[TimeControl "300+2"]

1. e4 Nf6 2. e5 Nd5 3. d4 d6 4. c4 Nb6 5. Nf3 g6 6. Nc3 Bg7 7. exd6 cxd6 8. Bd3 O-O 9. O-O Nc6 10. Be3 d5 *

[Event "3rd FIDE WCCC Blitz U10 2019"]
[Site "Minsk"]
[Date "2019.08.18"]
[Round "3.3"]
[White "Vershinin, Igor"]
[Black "Gusev, Mikhail"]
[Result "*"]
[ECO "A00"]
[WhiteElo "2188"]
[BlackElo "1598"]
[Annotator "NA"]
[PlyCount "25"]
[EventDate "2019.08.18"]
[EventType "swiss"]
[EventCountry "BLR"]
[SourceTitle "playchess.com"]
[Source "ChessBase"]
[SourceQuality "1"]
[TimeControl "300+2"]

1. a3 d5 2. Nf3 c5 3. c4 d4 4. b4 cxb4 5. g3 Nc6 6. d3 e5 7. Bg2 Nf6 8. O-O Bf5 9. axb4 Bxb4 10. Nxe5 Nxe5 11. Qa4+ Qd7 12. Qxb4 Nc6 13. Qc5 *

[Event "3rd FIDE WCCC Blitz U10 2019"]
[Site "Minsk"]
[Date "2019.08.18"]
[Round "3.4"]
[White "Tiulyagin, Matvey"]
[Black "Koshulyan, Egor A."]
[Result "*"]
[ECO "A45"]
[WhiteElo "1348"]
[BlackElo "1872"]
[Annotator "NA"]
[PlyCount "28"]
[EventDate "2019.08.18"]
[EventType "swiss"]
[EventCountry "BLR"]
[SourceTitle "playchess.com"]
[Source "ChessBase"]
[SourceQuality "1"]
[TimeControl "300+2"]

1. d4 Nf6 2. Bf4 d5 3. e3 e6 4. Nf3 Bd6 5. Bg3 Nbd7 6. c3 Qe7 7. Bd3 O-O 8. Nbd2 c5 9. Ne5 Rd8 10. f4 Nf8 11. Bh4 cxd4 12. exd4 Ng6 13. Bg3 Qc7 14. O-O b6 *

[Event "3rd FIDE WCCC Blitz U10 2019"]
[Site "Minsk"]
[Date "2019.08.18"]
[Round "3.5"]
[White "Zverev, Lev"]
[Black "Kuznetsov, Ivan V."]
[Result "*"]
[ECO "C77"]
[WhiteElo "1881"]
[BlackElo "1434"]
[Annotator "NA"]
[PlyCount "33"]
[EventDate "2019.08.18"]
[EventType "swiss"]
[EventCountry "BLR"]
[SourceTitle "playchess.com"]
[Source "ChessBase"]
[SourceQuality "1"]
[TimeControl "300+2"]

1. e4 e5 2. Nf3 Nc6 3. Bb5 a6 4. Ba4 Nf6 5. d3 Be7 6. Bxc6 dxc6 7. Nxe5 O-O 8. Nf3 Bc5 9. O-O Bg4 10. h3 Bh5 11. Nbd2 Re8 12. Re1 Nd7 13. Nf1 Ne5 14. g4 Nxf3+ 15. Qxf3 Bg6 16. Ng3 Bd6 17. Bf4 *

[Event "3rd FIDE WCCC Blitz U10 2019"]
[Site "Minsk"]
[Date "2019.08.18"]
[Round "3.6"]
[White "Novozhilov, Semen"]
[Black "Tykheev, Aldar"]
[Result "*"]
[ECO "C41"]
[WhiteElo "1686"]
[BlackElo "1434"]
[Annotator "NA"]
[PlyCount "23"]
[EventDate "2019.08.18"]
[EventType "swiss"]
[EventCountry "BLR"]
[SourceTitle "playchess.com"]
[Source "ChessBase"]
[SourceQuality "1"]
[TimeControl "300+2"]

1. d4 d6 2. e4 Nf6 3. Nc3 e5 4. Nf3 Nbd7 5. Bc4 Be7 6. O-O O-O 7. h3 c6 8. a4 a5 9. Be3 Qc7 10. Qe2 h6 11. Rfd1 Re8 12. Bb3 *

[Event "3rd FIDE WCCC Blitz U10 2019"]
[Site "Minsk"]
[Date "2019.08.18"]
[Round "4.1"]
[White "Pham, Tran Gia Phuc"]
[Black "Usov, Aleksandr E."]
[Result "0-1"]
[ECO "D19"]
[WhiteElo "1611"]
[BlackElo "1919"]
[Annotator "NA"]
[PlyCount "54"]
[EventDate "2019.08.18"]
[EventType "swiss"]
[EventCountry "BLR"]
[SourceTitle "playchess.com"]
[Source "ChessBase"]
[SourceQuality "1"]
[TimeControl "300+2"]

1. d4 d5 2. c4 c6 3. Nf3 Nf6 4. Nc3 dxc4 5. a4 Bf5 6. e3 e6 7. Bxc4 Bb4 8. O-O O-O 9. Qe2 Bg6 10. Ne5 Nbd7 11. Nxg6 hxg6 12. Rd1 Nd5 13. Bd2 Bd6 14. e4 Nxc3 15. Bxc3 Re8 16. Qc2 Bc7 17. d5 exd5 18. exd5 Bxh2+ 19. Kf1 Qh4 20. Rd4 Bf4 21. f3 Qh1+ 22. Kf2 Qh2 23. Rxf4 Qxf4 24. b3 cxd5 25. Bxd5 Nf6 26. Qxg6 Ne4+ 27. Kf1 Nxc3 0-1

[Event "3rd FIDE WCCC Blitz U10 2019"]
[Site "Minsk"]
[Date "2019.08.18"]
[Round "4.2"]
[White "Samunenkov, Ihor"]
[Black "Giorgadze, Giorgi"]
[Result "1-0"]
[ECO "E09"]
[WhiteElo "1964"]
[BlackElo "1524"]
[Annotator "NA"]
[PlyCount "63"]
[EventDate "2019.08.18"]
[EventType "swiss"]
[EventCountry "BLR"]
[SourceTitle "playchess.com"]
[Source "ChessBase"]
[SourceQuality "1"]
[TimeControl "300+2"]

1. d4 d5 2. Nf3 Nf6 3. g3 e6 4. Bg2 Be7 5. c4 c6 6. O-O O-O 7. Qc2 Nbd7 8. Nbd2 b6 9. e4 dxe4 10. Nxe4 Bb7 11. Rd1 Nxe4 12. Qxe4 Nf6 13. Qc2 Qc7 14. b3 Rfd8 15. Bb2 c5 16. dxc5 Qxc5 17. h3 Be4 18. Qe2 Bb7 19. Ne5 Bxg2 20. Kxg2 Qc7 21. Qf3 Rxd1 22. Rxd1 Rd8 23. Rxd8+ Bxd8 24. g4 h6 25. h4 Be7 26. g5 hxg5 27. hxg5 Ne8 28. Qxf7+ Kh7 29. g6+ Kh6 30. Qxe8 Bf6 31. Bc1+ Bg5 32. Qh8# 1-0

[Event "3rd FIDE WCCC Blitz U10 2019"]
[Site "Minsk"]
[Date "2019.08.18"]
[Round "4.3"]
[White "Simbelov, Roman T."]
[Black "Vershinin, Igor"]
[Result "0-1"]
[ECO "B33"]
[WhiteElo "1603"]
[BlackElo "2188"]
[Annotator "NA"]
[PlyCount "76"]
[EventDate "2019.08.18"]
[EventType "swiss"]
[EventCountry "BLR"]
[SourceTitle "playchess.com"]
[Source "ChessBase"]
[SourceQuality "1"]
[TimeControl "300+2"]

1. e4 c5 2. Nf3 Nc6 3. d4 cxd4 4. Nxd4 Nf6 5. Nc3 e5 6. Ndb5 d6 7. Bg5 a6 8. Na3 b5 9. Bxf6 gxf6 10. Nd5 Bg7 11. c4 bxc4 12. Nxc4 O-O 13. Bd3 Nd4 14. O-O Be6 15. Nce3 Rb8 16. b3 Re8 17. Qd2 f5 18. Rac1 Bxd5 19. Nxd5 fxe4 20. Bxe4 f5 21. Bb1 e4 22. Rfd1 Rc8 23. Rxc8 Qxc8 24. Qg5 Qd8 25. Qxd8 Rxd8 26. Kf1 Kf7 27. b4 Rc8 28. a3 Ke6 29. Nb6 Rc6 30. Ba2+ Ke5 31. Nd7+ Kf4 32. g3+ Kg5 33. Nb8 Rc2 34. Bd5 Nf3 35. h4+ Kg4 36. Kg2 Bd4 37. Nd7 Rxf2+ 38. Kh1 Rh2# 0-1

[Event "3rd FIDE WCCC Blitz U10 2019"]
[Site "Minsk"]
[Date "2019.08.18"]
[Round "4.4"]
[White "Boykov, Pavel"]
[Black "Zverev, Lev"]
[Result "0-1"]
[ECO "C88"]
[WhiteElo "1553"]
[BlackElo "1881"]
[Annotator "NA"]
[PlyCount "92"]
[EventDate "2019.08.18"]
[EventType "swiss"]
[EventCountry "BLR"]
[SourceTitle "playchess.com"]
[Source "ChessBase"]
[SourceQuality "1"]
[TimeControl "300+2"]

1. e4 e5 2. Nf3 Nc6 3. Bb5 a6 4. Ba4 Nf6 5. O-O Be7 6. Re1 b5 7. Bb3 O-O 8. d3 d6 9. h3 Na5 10. c3 Nxb3 11. axb3 c5 12. Be3 Bb7 13. Nbd2 Re8 14. Qc2 Bf8 15. Nf1 g6 16. Bg5 Bg7 17. Ne3 h6 18. Bxf6 Bxf6 19. c4 Bg7 20. Qd2 Qd7 21. Nd5 Bxd5 22. exd5 f5 23. Qc2 g5 24. Ra3 b4 25. Raa1 Bf6 26. Re2 Kh8 27. Rae1 Rg8 28. Nh2 h5 29. Re3 f4 30. Re4 g4 31. hxg4 hxg4 32. Kf1 Qh7 33. Kg1 Rg6 34. f3 g3 35. Ng4 Rxg4 36. fxg4 Qh2+ 37. Kf1 f3 38. gxf3 Qxc2 39. R1e2 Qxd3 40. Kg2 Bg5 41. Re1 Rf8 42. Rh1+ Kg7 43. f4 exf4 44. Re6 Qd2+ 45. Kh3 Rh8+ 46. Rh6 Rxh6# 0-1

[Event "3rd FIDE WCCC Blitz U10 2019"]
[Site "Minsk"]
[Date "2019.08.18"]
[Round "4.5"]
[White "Tiulyagin, Matvey"]
[Black "Novozhilov, Semen"]
[Result "0-1"]
[ECO "A45"]
[WhiteElo "1348"]
[BlackElo "1686"]
[Annotator "NA"]
[PlyCount "142"]
[EventDate "2019.08.18"]
[EventType "swiss"]
[EventCountry "BLR"]
[SourceTitle "playchess.com"]
[Source "ChessBase"]
[SourceQuality "1"]
[TimeControl "300+2"]

1. d4 Nf6 2. Bf4 g6 3. e3 Bg7 4. Nf3 O-O 5. Be2 d6 6. Nbd2 Nbd7 7. c3 b6 8. Rc1 Bb7 9. c4 Qe8 10. h3 e5 11. dxe5 dxe5 12. Bh2 Rd8 13. Qc2 Qe7 14. O-O Ne8 15. Rfd1 Nd6 16. c5 Nxc5 17. b4 Nce4 18. Nxe4 Nxe4 19. Rxd8 Rxd8 20. Qxc7 Qxc7 21. Rxc7 Bd5 22. Bxe5 Bxa2 23. Bxg7 Kxg7 24. Nd4 a5 25. bxa5 bxa5 26. Bg4 Kf8 27. Ra7 Rd5 28. Bf3 Bb1 29. Nc6 Rc5 30. Bxe4 Bxe4 31. Nxa5 Rc1+ 32. Kh2 Rc2 33. Kg3 h5 34. h4 Bd5 35. Nb7 Rc7 36. Ra5 Bxb7 37. Ra2 Bd5 38. Rd2 Rc5 39. Rd4 Kg7 40. e4 Be6 41. f3 Kf6 42. Kf4 g5+ 43. hxg5+ Rxg5 44. g3 Ra5 45. Rd3 Ra1 46. Rd2 Ra3 47. Rh2 Kg6 48. Rd2 Ra1 49. Rd8 f6 50. Rd6 Bc4 51. e5 Ra6 52. Rd4 Be2 53. Re4 fxe5+ 54. Rxe5 Rf6+ 55. Ke4 Bxf3+ 56. Ke3 Bg4 57. Kd4 Rf3 58. Re8 Rxg3 59. Ke4 Rg1 60. Kf4 Rf1+ 61. Kg3 Rf3+ 62. Kg2 Kg5 63. Rg8+ Kh4 64. Rd8 Re3 65. Rd4 Re2+ 66. Kf1 Ra2 67. Rb4 Kg3 68. Rb3+ Bf3 69. Rb1 h4 70. Ke1 h3 71. Rb3 h2 0-1

[Event "3rd FIDE WCCC Blitz U10 2019"]
[Site "Minsk"]
[Date "2019.08.18"]
[Round "4.6"]
[White "Navoyan, Gagik"]
[Black "Uskov, Artem"]
[Result "1-0"]
[ECO "D30"]
[WhiteElo "1698"]
[BlackElo "1448"]
[Annotator "NA"]
[PlyCount "129"]
[EventDate "2019.08.18"]
[EventType "swiss"]
[EventCountry "BLR"]
[SourceTitle "playchess.com"]
[Source "ChessBase"]
[SourceQuality "1"]
[TimeControl "300+2"]

1. d4 d5 2. c4 e6 3. Nf3 c6 4. g3 dxc4 5. a4 b5 6. Bg2 Bb7 7. O-O Nf6 8. Ne5 a6 9. Nc3 Qc8 10. Bg5 Nd5 11. Bd2 Nxc3 12. bxc3 Bd6 13. f4 O-O 14. e4 c5 15. f5 exf5 16. Rxf5 cxd4 17. cxd4 Bxe5 18. Rxe5 Nc6 19. Rc5 Qd8 20. Be3 b4 21. Rxc4 a5 22. e5 Qd7 23. Rac1 Rad8 24. Bxc6 Bxc6 25. Rxc6 Rfe8 26. Rd6 Qb7 27. Rxd8 Rxd8 28. Qb3 h6 29. Rf1 Rc8 30. e6 Rc3 31. exf7+ Kf8 32. Qe6 Qc6 33. Qxc6 Rxc6 34. d5 Rc7 35. d6 Rxf7 36. Rd1 Rd7 37. Kf2 Kf7 38. Ke2 Ke6 39. Bf4 g5 40. Be3 Rxd6 41. Rxd6+ Kxd6 42. Kd3 Kd5 43. h4 gxh4 44. gxh4 h5 45. Bb6 Kc6 46. Bxa5 Kc5 47. Bxb4+ Kxb4 48. Ke4 Ka5 49. Kf5 Kxa4 50. Kg5 Kb5 51. Kxh5 Kc6 52. Kg6 Kd6 53. Kg7 Ke6 54. h5 Kf5 55. h6 Kg5 56. h7 Kf5 57. h8=Q Ke6 58. Qh5 Kd6 59. Kf6 Kc6 60. Ke6 Kc7 61. Qc5+ Kb7 62. Kd7 Ka6 63. Qb4 Ka7 64. Kc7 Ka6 65. Qb6# 1-0

[Event "3rd FIDE WCCC Blitz U10 2019"]
[Site "Minsk"]
[Date "2019.08.18"]
[Round "5.1"]
[White "Usov, Aleksandr E."]
[Black "Novozhilov, Semen"]
[Result "1-0"]
[ECO "C08"]
[WhiteElo "1919"]
[BlackElo "1686"]
[Annotator "NA"]
[PlyCount "83"]
[EventDate "2019.08.18"]
[EventType "swiss"]
[EventCountry "BLR"]
[SourceTitle "playchess.com"]
[Source "ChessBase"]
[SourceQuality "1"]
[TimeControl "300+2"]

1. e4 e6 2. d4 d5 3. Nd2 c5 4. exd5 exd5 5. Ngf3 Nf6 6. Bb5+ Bd7 7. Bxd7+ Nbxd7 8. O-O Be7 9. dxc5 Nxc5 10. Nb3 Nce4 11. Nfd4 Qd7 12. Be3 O-O 13. c3 Rfd8 14. Re1 Rac8 15. f3 Nd6 16. Bf2 Nc4 17. Rb1 Bd6 18. Nd2 Ne5 19. Qc2 Ng6 20. Nf5 Bb8 21. Bd4 Qc7 22. Nf1 Ne8 23. g3 f6 24. h4 Nd6 25. h5 Nxf5 26. Qxf5 Nf8 27. h6 Qd7 28. Qxd7 Rxd7 29. hxg7 Kxg7 30. f4 Kg6 31. Ne3 h5 32. Ng2 Kf7 33. Nh4 Ne6 34. Nf5 Kg6 35. Rxe6 Kxf5 36. Rxf6+ Ke4 37. Kf2 Kd3 38. Re6 h4 39. Re3+ Kc2 40. Rbe1 hxg3+ 41. Kxg3 Kxb2 42. c4+ {Bxf4+} 1-0